 Seeded DCSS version 0.30.1-9-gdf580d7c3d (webtiles) character file.

Game seed: 9106806156630997546 (custom seed)

199 Psyclone the Conjurer (level 5, -3/28 HPs)
             Began as a Deep Elf Conjurer on Sept 25, 2023.
             Killed by miscasting Fulminant Prism (12 damage)
             ... on level 3 of the Dungeon.
             The game lasted 00:05:24 (2539 turns).

Psyclone the Conjurer (Deep Elf Conjurer)           Turns: 2539, Time: 00:05:25

Health: -3/28      AC:  4    Str:  4    XL:     5   Next: 48%
Magic:  4/15       EV: 12    Int: 25    God:
Gold:   139        SH:  0    Dex: 13    Spells: 8/15 levels left

rFire   . . .        a - +0 falchion
rCold   . . .        (no shield)
rNeg    . . .        j - +0 robe
rPois   .            (no helmet)
rElec   .            q - +0 cloak
rCorr   .            t - +0 pair of gloves
SInv    .            (no boots)
Will    .....        (no amulet)
Stlth   ++           (no ring)
HPRegen 0.24/turn    (no ring)
MPRegen 0.14/turn

%: no passive effects
@: very slightly contaminated
A: no striking features
a: no special abilities


You were on level 3 of the Dungeon.
You visited 1 branch of the dungeon, and saw 3 of its levels.

You collected 139 gold pieces.

Inventory:

Hand Weapons
 a - a +0 falchion (weapon)
Armour
 j - a +0 robe (worn)
 q - a +0 cloak (worn)
 t - a +0 pair of gloves (worn)
Jewellery
 h - a ring of poison resistance
 r - a ring of flight
 s - a +5 ring of evasion
Scrolls
 c - a scroll of teleportation {unknown}
 d - a scroll of blinking {unknown}
 k - a scroll of noise {unknown}
 o - a scroll of poison {unknown}
 p - 2 scrolls of enchant armour {unknown}
 u - a scroll of vulnerability {unknown}
Potions
 b - a potion of magic
 e - a potion of berserk rage {unknown}
 f - 5 potions of curing {unknown}
 g - a potion of lignification {unknown}
 i - 4 potions of brilliance {unknown}
 l - 2 potions of attraction {unknown}
 m - 2 potions of might {unknown}
 n - a potion of haste {unknown}


   Skills:
 - Level 2.4 Dodging
 - Level 2.4 Stealth
 + Level 5.8 Spellcasting
 + Level 6.1 Conjurations


You had 8 spell levels left.
You knew the following spells:

 Your Spells              Type           Power      Damage    Failure   Level
a - Magic Dart            Conj           100%       1d8       1%          1
b - Searing Ray           Conj           76%        2d7       1%          2
d - Fulminant Prism       Conj/Hex       11%        3d9       22%         4

Your spell library contained the following spells:

 Spells                   Type           Power      Damage    Failure   Level
 Dazzling Flash           Conj/Hex       44%        N/A       6%          3
 Scorch                   Fire           14%        2d6       12%         2
 Flame Wave               Conj/Fire      22%        2d8       22%         4
 Iskenderun's Mystic Bla  Conj/Tloc      22%        2d6       22%         4
 Summon Cactus Giant      Summ           3%         N/A       100%        6


Dungeon Overview and Level Annotations

Branches:
Dungeon (3/15) Zot: 15456

Altars:
Qazlal

Shops:
D:1 =

Annotations:
D:3 Sigmund


Message History

Press: ? - help, Dir - move target You conjure a prism of explosive energy!
A fulminant prism comes into view.
You now have 11/15 mp.
What are your orders? t - Shout!
Orders for allies: a - Attack new target. r - Retreat! s - Stop attacking. g - Guard the area. f - Follow me.
Anything else - Cancel.
You shout for attention!
Your fulminant prism crackles loudly.
You hear an explosion!
The blast of energy engulfs you!!
Ouch! That really hurt!
* * * LOW HITPOINT WARNING * * *
You take 20 damage, and have 8/28 hp.
MASSIVE DAMAGE!!
Casting: Fulminant Prism (extremely dangerous; 22% risk of failure)
Confirm with . or Enter, or press ? or * to list all spells.
The spell is extremely dangerous to miscast (22% risk of failure)!
Continue anyway?
Aiming: Fulminant Prism (extremely dangerous; 22% risk of failure)
Press: ? - help, Dir - move target You conjure a prism of explosive energy!
A fulminant prism comes into view.
You now have 7/15 mp.
Your fulminant prism crackles loudly.
Your fulminant prism explodes!
Casting: Fulminant Prism (extremely dangerous; 22% risk of failure)
Confirm with . or Enter, or press ? or * to list all spells.
You don't know that spell.
Unknown command.
Casting: Fulminant Prism (extremely dangerous; 22% risk of failure)
Confirm with . or Enter, or press ? or * to list all spells.
The spell is extremely dangerous to miscast (22% risk of failure)!
Continue anyway?
Aiming: Fulminant Prism (extremely dangerous; 22% risk of failure)
Press: ? - help, Dir - move target You miscast Fulminant Prism.
You are very lightly contaminated with residual magic.
Strange energies run through your body!
You die...

#.#
#####...####........
#.# ##.######.....##
#.### #....# #....##
#...# ####.# #.#.##
###.# #.###.######
#.# #......<.... #.#
#####.######
#.########## #.# #
#.....@....# #.# #
##########.# #.# #
#.# #.# # #..*.@..#
# ######### # # #


There were no monsters in sight!

Vanquished Creatures
  Crazy Yiuf (D:2)
  Jessica (D:2)
  Natasha (thrice) (D:3)
  Robin (D:2)
  An adder (D:3)
  A worm (D:2)
  A dart slug (D:2)
  4 ball pythons
  5 bats
  3 endoplasms
  A giant cockroach (D:2)
  14 goblins
  A hobgoblin (D:3)
  3 jackals (D:2)
  5 kobolds
  2 frilled lizards (D:1)
  A rat (D:1)
48 creatures vanquished.

Vanquished Creatures (others)
  2 fulminant prisms (D:3)
2 creatures vanquished.

Grand Total: 50 creatures vanquished

Notes
Turn   | Place    | Note
-------+----------+-------------------------------------------
     0 | D:1      | Psyclone the Deep Elf Conjurer began the quest for the Orb.
     0 | D:1      | Reached XP level 1. HP: 10/10 MP: 6/6
   303 | D:1      | Reached XP level 2. HP: 12/15 MP: 5/8
   341 | D:1      | Found Cetaas's Jewellery Emporium.
   743 | D:2      | Found a stormy altar of Qazlal.
   881 | D:2      | Learned a level 2 spell: Searing Ray
  1017 | D:2      | Noticed Jessica
  1021 | D:2      | Killed Jessica
  1022 | D:2      | Reached skill level 5 in Conjurations
  1022 | D:2      | Reached XP level 3. HP: 19/19 MP: 4/10
  1165 | D:2      | Noticed Robin
  1169 | D:2      | Killed Robin
  1170 | D:2      | Reached XP level 4. HP: 24/24 MP: 5/12
  1563 | D:2      | Found a runed translucent door.
  1564 | D:2      | Noticed Crazy Yiuf
  1586 | D:2      | Killed Crazy Yiuf
  1587 | D:2      | Reached skill level 5 in Spellcasting
  1626 | D:3      | Noticed Natasha
  1631 | D:3      | Killed Natasha
  1707 | D:3      | Noticed Sigmund
  1714 | D:3      | Learned a level 4 spell: Fulminant Prism
  1828 | D:3      | Noticed Natasha
  1833 | D:3      | Killed Natasha
  1834 | D:3      | Reached XP level 5. HP: 22/28 MP: 9/15
  1980 | D:3      | Reached skill level 6 in Conjurations
  2096 | D:3      | Noticed Natasha
  2102 | D:3      | Killed Natasha
  2539 | D:3      | Killed by miscasting Fulminant Prism

Illustrated notes

Levels and vault maps discovered:
D:1:      onia_arrival_mini_spirals, layout_loops_ring, serial_shops, shop
D:2:      layout_rooms, basic_altar, reono_crystal_passage, minmay_tetromino_l2,
          uniq_robin, uniq_jessica, uniq_crazy_yiuf_cottage
D:3:      layout_loops_ring, uniq_sigmund, uniq_natasha

Skill      XL: |  1  2  3  4  5 |
---------------+----------------+-----
Spellcasting   | 4 5 |  5.8
Conjurations   | 5 6 |  6.1
Dodging        | |  2.4
Stealth        | |  2.4

Action                     |  1- 3 |  4- 6 || total
---------------------------+-------+-------++-------
  Melee: Falchion          |       |    18 ||    18
   Cast: Magic Dart        |    46 |    32 ||    78
         Searing Ray       |     1 |     4 ||     5
         Fulminant Prism   |       |     2 ||     2
  Dodge: Dodged            |     2 |    11 ||    13
